 Dungeon Crawl Stone Soup version 0.24.0-35-gdb84b6a5db (webtiles) character file.

Game seed: 4111047398533282308, levelgen mode: deterministic

35886 DildoBatman the Geomancer (level 14, 0/105 HPs)
             Began as a Formicid Wizard on Nov 19, 2019.
             Was an Initiate of Gozag.
             Slain by an orc warrior
             ... wielding a +0 halberd
              (16 damage)
             ... on level 13 of the Dungeon.
             The game lasted 01:12:43 (16516 turns).

DildoBatman the Geomancer (Formicid Wizard)        Turns: 16516, Time: 01:12:43

Health: 0/105      AC:  5    Str: 18    XL:     14   Next: 20%
Magic:  19/25      EV: 21    Int: 33    God:    Gozag
Gold:   1341       SH: 11    Dex: 14    Spells: 5/27 levels left

rFire    + . .     SeeInvis +   b - +5 halberd
rCold    + + +     Gourm    .   l - +0 shield
rNeg     . . .     Faith    .   o - +0 troll leather armour
rPois    +         Spirit   .   (helmet unavailable)
rElec    +         Reflect  .   H - scarf {cloud immunity}
rCorr    +         Harm     .   W - +1 pair of gloves of Ziulorgha {rC+ Int+2}
MR       +....                  (no boots)
Stlth    +++.......             r - amulet of regeneration
HPRegen  0.00/turn              i - +5 ring of intelligence
MPRegen  0.19/turn              Q - +4 ring of intelligence

@: mighty, agile, resistant
A: permanent stasis, dig shafts and tunnels, four strong arms, antennae 3, cold
resistance 1, deformed body, inhibited regeneration
a: Dig, Shaft Self, Potion Petition, Call Merchant, Bribe Branch, Renounce
Religion


You were on level 13 of the Dungeon.
You worshipped Gozag.
Gozag was most pleased with you.
You were full.

You visited 3 branches of the dungeon, and saw 16 of its levels.
You also visited: Ice Cave.

You collected 2022 gold pieces.
You spent 123 gold pieces at shops.
You paid 558 gold pieces to Gozag.

Inventory:

Hand Weapons
 a - a +3 hunting sling of flaming
 b - a +5 halberd (weapon)
 e - a +2 trident of pain
 I - a +2 spear of venom
Missiles
 d - 101 bolts
 g - 456 arrows
 n - 213 stones (quivered)
 A - 15 sling bullets
 J - a throwing net
Armour
 l - a +0 shield (worn)
 o - a +0 troll leather armour (worn)
 p - a +0 large shield
 H - a scarf of cloud immunity (worn)
 W - the +1 pair of gloves of Ziulorgha (worn) {rC+ Int+2}
   (You found it in an ice cave)

   It affects your intelligence (+2).
   It protects you from cold.
Magical Staves
 E - an uncursed staff of poison
Jewellery
 i - a +5 ring of intelligence (left hand)
 r - an amulet of regeneration (around neck)
 Q - a +4 ring of intelligence (right hand)
Wands
 h - a wand of acid (4)
 O - a wand of iceblast (6)
Scrolls
 c - 3 scrolls of random uselessness {unknown}
 f - 10 scrolls of enchant weapon
 s - a scroll of blinking {unknown}
 w - 4 scrolls of amnesia
 x - 4 scrolls of remove curse
 y - 3 scrolls of immolation
 z - 3 scrolls of identify
 B - a scroll of magic mapping
 C - 5 scrolls of fear
 G - 4 scrolls of fog
 P - 2 scrolls of holy word {unknown}
 R - 2 scrolls of enchant armour {unknown}
 Z - a scroll of vulnerability {unknown}
Potions
 j - a potion of flight
 k - 3 potions of might
 q - 7 potions of curing
 t - a potion of lignification
 u - a potion of brilliance {unknown}
 D - a potion of agility {unknown}
 F - a potion of resistance {unknown}
 K - a potion of berserk rage {unknown}
 M - a potion of degeneration {unknown}
 U - a potion of invisibility {unknown}
Miscellaneous
 N - a phantom mirror
Comestibles
 v - 26 rations


   Skills:
 * Level 8.0 Fighting
 * Level 8.0 Armour
 * Level 7.0 Dodging
 - Level 2.4 Stealth
 - Level 9.0 Shields
 - Level 7.3 Spellcasting
 - Level 6.2 Conjurations
 - Level 4.1 Charms
   Level 1.0 Summonings
 - Level 10.0 Necromancy
   Level 0.8 Translocations
 - Level 5.0 Fire Magic
 - Level 5.1 Air Magic
 - Level 10.0 Earth Magic


You had 5 spell levels left.
You knew the following spells:

 Your Spells              Type           Power        Failure   Level  Hunger
a - Conjure Flame         Conj/Fire      #####...     1%          3    None
b - Borgnjor's Vile Clut  Necr/Erth      ######....   1%          5    ####...
c - Magic Dart            Conj           ####         1%          1    None
d - Regeneration          Chrm/Necr      ######....   1%          3    None
e - Mephitic Cloud        Conj/Pois/Air  #####...     2%          3    None
h - Dispel Undead         Necr           ######..     1%          5    ####...
z - Sublimation of Blood  Necr           ######....   1%          2    None

Your spell library contained the following spells:

 Spells                   Type           Power        Failure   Level  Hunger
 Animate Skeleton         Necr           N/A          1%          1    None
 Pain                     Necr           ####         1%          1    None
 Song of Slaying          Chrm           #####...     1%          2    None
 Throw Frost              Conj/Ice       ####..       1%          2    None
 Animate Dead             Necr           N/A          1%          4    #......
 Confusing Touch          Hex            ##....       4%          1    None
 Freeze                   Ice            ##..         4%          1    None
 Call Imp                 Summ           ###.....     4%          2    None
 Bolt of Draining         Conj/Necr      ######....   4%          5    ####...
 Ozocubu's Armour         Chrm/Ice       ####....     5%          3    None
 Petrify                  Tmut/Erth      #####...     5%          4    #......
 Slow                     Hex            ##......     6%          2    None
 Excruciating Wounds      Chrm/Necr      ######....   6%          5    ####...
 Gell's Gravitas          Tloc           ###.......   9%          3    None
 Throw Icicle             Conj/Ice       ####....     12%         4    #......
 Lightning Bolt           Conj/Air       #####.....   12%         5    ####...
 Confuse                  Hex            ##......     13%         3    None
 Iskenderun's Battlesphe  Conj/Chrm      #####...     14%         5    ####...
 Summon Ice Beast         Ice/Summ       ###.....     34%         4    #......
 Ice Form                 Ice/Tmut       ##......     38%         4    #......
 Metabolic Englaciation   Hex/Ice        ##........   75%         5    ####...
 Yara's Violent Unravell  Hex/Tmut       ##........   75%         5    ####...
 Conjure Ball Lightning   Conj/Air       #####.....   54%         6    ######.
 Simulacrum               Ice/Necr       #####.....   63%         6    ######.
 Freezing Cloud           Conj/Ice/Air   #####.....   80%         6    ######.
 Bolt of Cold             Conj/Ice       ####......   88%         6    ######.
 Haunt                    Necr/Summ      #####.....   98%         7    #######
 Borgnjor's Revivificati  Necr           ######....   99%         8    #######
 Infestation              Necr           ######....   99%         8    #######
 Ozocubu's Refrigeration  Ice            ##........   100%        6    ######.
 Death's Door             Chrm/Necr      ######....   100%        8    #######
 Necromutation            Tmut/Necr      #####.....   100%        8    #######
 Blink                    Tloc           Unusable     N/A         2    N/A

Dungeon Overview and Level Annotations

Branches:
Dungeon (13/15)            Temple (1/1) D:6            Lair (0/6) D:10
    Orc (2/2) D:9             Elf (0/3) Orc:2         IceCv (visited)
 Vaults: D:13-14

Altars:
Ashenzari
Cheibriados
Dithmenos
Elyvilon
Fedhas
Gozag
Hepliaklqana
Kikubaaqudgha
Makhleb
Nemelex Xobeh
Okawaru
Qazlal
Ru
Sif Muna
Trog
Uskayaw
Vehumet
Wu Jian
Xom
Yredelemnul
Zin
The Shining One

Shops:
D:7 :   D:11 =   Orc:2 [?%


Innate Abilities, Weirdness & Mutations

You cannot be hasted, slowed, berserked, paralysed or teleported.
You can dig through walls and to a lower floor.
Your four strong arms can wield two-handed weapons with a shield.
You have a pair of large antennae on your head. (SInv)
Your flesh is cold resistant. (rC+)
Armour fits poorly on your strangely shaped body.
You do not regenerate when monsters are visible.


Message History

That felt strangely unrewarding.
The zombie hands constrict the centaur warrior skeleton!
The zombie hands constrict the centaur warrior skeleton.
You destroy the centaur warrior skeleton!
That felt strangely unrewarding.
You block the centaur warrior skeleton's attack.
The yak zombie completely misses you. The centaur warrior skeleton hits you.
You block the orc warrior's attack. The vampire misses you.
The vampire closely misses you.
You feel better.
The zombie hands constrict the centaur warrior skeleton.
You destroy the centaur warrior skeleton!
That felt strangely unrewarding.
The yak zombie gores you. You block the vampire's attack. x2
The orc warrior hits you from afar with a +0 halberd!
You die...
Your body crumbles into a pile of gold.

##.# #..####
#.##..##
#.#.)!.+
#.#.![.
#.##c.# { #
#.##### +'#
#.##..###..##
#.'...○@VZ..#
#.'...☼'Z.a.#
####..###o.##
#### ###


You could see a vampire, an orc warrior, a worker ant (confused), a yak zombie
and a big kobold zombie.

Vanquished Creatures
  A frost giant (IceCv)
  Josephine (D:11)
  A centaur warrior (D:13)
  2 death yaks (IceCv)
  4 two-headed ogres
  Sonja (D:10)
  An unseen horror (D:13)
  An orc knight (Orc:2)
  An orc sorcerer (Orc:1)
  3 ugly things
  A manticore (D:11)
  2 cyclopes
  An ice statue (IceCv)
  A centaur zombie (D:13)
  2 gargoyles
  4 centaur skeletons
  A tengu conjurer (D:13)
  2 hornets
  5 trolls
  16 polar bears (IceCv)
  3 hippogriffs
  Grinder (D:4)
  A shadow (D:13)
  2 wyverns
  A vampire (D:10)
  4 wraiths (D:11)
  39 yaks
  Eustachio (D:4)
  A human (D:7)
  3 hogs (D:7)
  4 hungry ghosts
  Menkaure (D:4)
  A warg (Orc:2)
  Duvessa (D:7)
  27 orc warriors
  3 black bears
  An ice beast (D:8)
  A necrophage (D:7)
  3 phantoms
  A sky beast (D:9)
  An eye of draining (D:12)
  9 centaurs
  17 wolves (IceCv)
  7 ogres
  An elf skeleton (D:13)
  2 big kobolds
  4 bullfrogs
  2 wyvern zombies
  A scorpion (D:9)
  2 troll zombies (D:9)
  2 wyvern skeletons
  Dowan (D:7)
  5 killer bees (D:11)
  5 howler monkeys
  9 wights
  3 electric eels (D:10)
  6 crimson imps
  3 jellies
  16 orc wizards
  4 hounds
  2 gnoll shamans (D:10)
  16 orc priests
  7 iguanas
  Terence (D:1)
  9 worker ants
  2 killer bee zombies
  4 ogre zombies (D:9)
  An ogre skeleton (Orc:2)
  A hound skeleton (D:13)
  A worker ant zombie (D:11)
  Robin (D:4)
  12 gnolls
  9 adders
  4 orc skeletons (Orc:2)
  6 shadow imps
  3 worms
  4 dart slugs
  7 leopard geckos
  77 orcs
  8 bats
  8 giant cockroaches
  14 goblins
  10 hobgoblins
  3 jackals (D:2)
  3 quokkas
  2 frilled lizards
  2 goblin skeletons
  4 goblin zombies (D:9)
  3 hobgoblin zombies (D:9)
  A jackal skeleton (D:9)
  19 kobolds
  A leopard gecko skeleton (D:8)
  A leopard gecko zombie (D:5)
  11 orc zombies (D:9)
  5 rats
  A spectral orc (D:3)
513 creatures vanquished.

Vanquished Creatures (others)
  2 orcs
  6 plants (D:10)
8 creatures vanquished.

Grand Total: 521 creatures vanquished

Notes
Turn   | Place    | Note
-------+----------+-------------------------------------------
     0 | D:1      | DildoBatman the Formicid Wizard began the quest for the
                  | Orb.
     0 | D:1      | Reached XP level 1. HP: 13/13 MP: 4/4
    57 | D:1      | Reached skill level 1 in Conjurations
   195 | D:1      | Reached XP level 2. HP: 19/19 MP: 0/6
   709 | D:1      | Reached XP level 3. HP: 16/24 MP: 0/7
   714 | D:1      | Learned a level 3 spell: Conjure Flame
   718 | D:1      | Learned a level 3 spell: Mephitic Cloud
  1946 | D:2      | Reached XP level 4. HP: 30/30 MP: 6/8
  2261 | D:3      | Noticed Terence
  2522 | D:3      | Reached XP level 5. HP: 35/35 MP: 1/9
  2541 | D:3      | Found a shimmering altar of Xom.
  2733 | D:3      | Found a basalt altar of Yredelemnul.
  2883 | D:3      | Found a sparkling altar of Nemelex Xobeh.
  2893 | D:3      | Found a shimmering blue altar of Sif Muna.
  2897 | D:3      | Found a sacrificial altar of Ru.
  2918 | D:3      | Found a white marble altar of Elyvilon.
  2920 | D:3      | Found a glowing golden altar of the Shining One.
  2965 | D:3      | Found a stormy altar of Qazlal.
  3281 | D:4      | Noticed Menkaure
  3282 | D:4      | Found a snail-covered altar of Cheibriados.
  3336 | D:5      | Entered Level 5 of the Dungeon
  3568 | D:6      | Reached XP level 6. HP: 23/41 MP: 8/10
  3584 | D:6      | Noticed an ogre
  3588 | D:6      | Noticed a hornet
  3606 | D:6      | Killed a hornet
  3606 | D:6      | Reached XP level 7. HP: 20/46 MP: 4/11
  3706 | D:6      | Found a staircase to the Ecumenical Temple.
  3715 | Temple   | Entered the Ecumenical Temple
  3764 | Temple   | Became a worshipper of Kikubaaqudgha
  3946 | D:5      | Reached skill level 1 in Fire Magic
  3946 | D:5      | Reached skill level 1 in Air Magic
  4441 | D:4      | Noticed Grinder
  4466 | D:4      | Killed Grinder
  4466 | D:4      | Reached XP level 8. HP: 52/52 MP: 1/12
  4477 | D:4      | Noticed Eustachio
  4494 | D:4      | Killed Eustachio
  4590 | D:4      | Killed Menkaure
  4751 | D:4      | Noticed Robin
  4775 | D:4      | Reached * piety under Kikubaaqudgha
  4775 | D:4      | Identified Kikubaaqudgha's Incunabulum of Necromancy
                  | (Kikubaaqudgha gifted it to you on level 4 of the Dungeon)
  4775 | D:4      | Received a gift from Kikubaaqudgha
  4796 | D:4      | Killed Robin
  4809 | D:4      | Learned a level 2 spell: Sublimation of Blood
  4813 | D:4      | Learned a level 3 spell: Regeneration
  5333 | D:1      | Killed Terence
  5434 | D:6      | Reached skill level 5 in Fire Magic
  5903 | D:6      | Reached XP level 9. HP: 57/57 MP: 13/13
  5914 | D:6      | Reached skill level 5 in Air Magic
  5982 | D:7      | Reached skill level 1 in Charms
  5982 | D:7      | Reached skill level 1 in Necromancy
  6077 | D:7      | Found a sacrificial altar of Ru.
  6164 | D:7      | Noticed a hippogriff
  6175 | D:7      | Killed a hippogriff
  6200 | D:7      | Noticed Duvessa
  6200 | D:7      | Noticed Dowan
  6226 | D:7      | Killed Dowan
  6230 | D:7      | Killed Duvessa
  6419 | D:7      | Reached skill level 5 in Necromancy
  6767 | D:7      | Noticed a hippogriff
  6779 | D:7      | Killed a hippogriff
  6779 | D:7      | Reached XP level 10. HP: 48/63 MP: 8/14
  6827 | D:7      | Found Viger's Book Shoppe.
  7001 | D:8      | Noticed a two-headed ogre
  7025 | D:8      | Reached ** piety under Kikubaaqudgha
  7141 | D:8      | Killed a two-headed ogre
  7783 | D:8      | Reached skill level 5 in Spellcasting
  7969 | D:8      | Found a radiant altar of Vehumet.
  7971 | D:8      | Found a bloodstained altar of Trog.
  8093 | D:9      | Noticed a two-headed ogre
  8296 | D:9      | Killed a two-headed ogre
  8296 | D:9      | Reached XP level 11. HP: 21/68 MP: 9/21
  8420 | D:9      | Reached skill level 1 in Shields
  8667 | D:9      | Found a staircase to the Orcish Mines.
  8692 | D:9      | Reached *** piety under Kikubaaqudgha
  8692 | D:9      | Identified Kikubaaqudgha's Almanac of Evil Arts
                  | (Kikubaaqudgha gifted it to you on level 9 of the Dungeon)
  8692 | D:9      | Received a gift from Kikubaaqudgha
  8825 | D:9      | Learned a level 5 spell: Dispel Undead
  8831 | D:9      | Learned a level 5 spell: Borgnjor's Vile Clutch
  8892 | D:9      | Reached skill level 5 in Shields
  9441 | D:10     | Entered Level 10 of the Dungeon
  9515 | D:10     | Noticed Sonja
  9526 | D:10     | Killed Sonja
  9572 | D:10     | Reached **** piety under Kikubaaqudgha
  9920 | D:10     | Reached skill level 1 in Earth Magic
 10067 | D:10     | Found a staircase to the Lair.
 10924 | D:11     | Reached skill level 5 in Earth Magic
 10924 | D:11     | Reached XP level 12. HP: 69/74 MP: 12/23
 10927 | D:11     | Reached ***** piety under Kikubaaqudgha
 10927 | D:11     | Noticed a two-headed ogre
 10927 | D:11     | Noticed Josephine
 11068 | D:11     | Killed a two-headed ogre
 11077 | D:11     | Killed Josephine
 11182 | D:11     | Found Xeqic's Jewellery Emporium.
 11189 | D:11     | Found a hazy altar of Hepliaklqana.
 11214 | D:11     | Identified the Collected Works on Helpful Air
 11345 | D:11     | Noticed a two-headed ogre
 11358 | D:11     | Killed a two-headed ogre
 11358 | D:11     | Reached skill level 1 in Fighting
 11358 | D:11     | Reached skill level 1 in Armour
 11630 | Orc:1    | Entered Level 1 of the Orcish Mines
 11672 | Orc:1    | Noticed a sixfirhy
 11865 | Orc:1    | Gained mutation: You do not regenerate when monsters are
                  | visible. [potion of mutation]
 11865 | Orc:1    | Gained mutation: Armour fits poorly on your strangely
                  | shaped body. [potion of mutation]
 11865 | Orc:1    | Gained mutation: Your flesh is cold resistant. (rC+)
                  | [potion of mutation]
 11874 | Orc:2    | Entered Level 2 of the Orcish Mines
 12011 | Orc:2    | Found a staircase to the Elven Halls.
 12153 | Orc:2    | Found a frozen archway.
 12165 | IceCv    | Entered an ice cave
 12425 | IceCv    | Noticed a death yak
 12517 | IceCv    | Killed a death yak
 12517 | IceCv    | Reached XP level 13. HP: 16/87 MP: 3/24
 12609 | IceCv    | Reached skill level 10 in Earth Magic
 12850 | IceCv    | Reached skill level 10 in Necromancy
 12879 | IceCv    | Reached skill level 5 in Fighting
 12879 | IceCv    | Reached skill level 5 in Armour
 12996 | IceCv    | Noticed a frost giant
 13003 | IceCv    | Reached skill level 5 in Dodging
 13009 | IceCv    | Killed a frost giant
 13031 | IceCv    | Got a pair of slimy gloves
 13288 | Orc:2    | Identified the +1 pair of gloves of Ziulorgha {rC+ Int+2}
                  | (You found it in an ice cave)
 13690 | Orc:2    | Found Ibavyis's Antique Armour Shop.
 15430 | Orc:2    | Reached ****** piety under Kikubaaqudgha
 15440 | Orc:2    | Found Umeul's Magic Scroll Emporium.
 15475 | D:9      | Received a gift from Kikubaaqudgha
 15476 | D:9      | Fell from the grace of Kikubaaqudgha
 15578 | Temple   | Became a worshipper of Gozag Ym Sagoz the Greedy
 15735 | Orc:2    | Found Ciugeos's Food Shoppe.
 15866 | Orc:2    | Bought a scroll of identify for 26 gold pieces
 15866 | Orc:2    | Bought a scroll of identify for 26 gold pieces
 15866 | Orc:2    | Bought a scroll of identify for 26 gold pieces
 15866 | Orc:2    | Bought a scroll of magic mapping for 45 gold pieces
 16146 | D:13     | Reached XP level 14. HP: 103/103 MP: 25/25
 16516 | D:13     | Slain by an orc warrior

Levels and vault maps discovered:
D:1:      dpeg_arrival_another_circle, layout_basic, minmay_cut_off
D:2:      layout_loops_cross
D:3:      layout_rooms, overflow_temple_1_default,
          yredelemnul_forgotten_temple_becter, minmay_overflow_temple_star_hex,
          marbit_many_paths, uniq_terence
D:4:      layout_basic, cheibriados_altar_1, uniq_grinder, uniq_robin,
          uniq_eustachio, uniq_menkaure
D:5:      layout_rooms, first_ration
D:6:      layout_basic, minmay_temple_entry_statues_pillars
D:7:      layout_basic, serial_shops, nicolae_shop_behind_doors,
          grunt_livestock, nicolae_ru_the_path_less_chosen, uniq_duvessa
D:8:      layout_loops_ring, gammafunk_temple_overflow_pools, nrook_mini_vaults
D:9:      layout_roguey, zombieorc1_lemuel
D:10:     layout_basic, lair_entry_dummy, serial_bayou_lagoon_b, uniq_sonja
D:11:     layout_rooms, basic_altar, serial_shops, shop, uniq_josephine
D:12:     layout_small_grid
D:13:     layout_basic, ploomutoo_gammafunk_ghost_potion_laboratory,
          kennysheep_four_rooms
Temple:   minmay_temple_bridge_abc
Orc:1:    layout_caves
Orc:2:    pf_orc_diabolical, layout_diamond_mine,
          portal_ice_cave_entry_pillars_2, serial_shops, nicolae_shop_crystal

Skill      XL: |  1  2  3  4  5  6  7  8  9 10 11 12 13 14 |
---------------+-------------------------------------------+-----
Conjurations   | 1 2 3 4 6 |  6.2
Fire Magic     | 3 5 |  5.0
Air Magic      | 2 4 5 |  5.1
Charms         | 4 |  4.1
Necromancy     | 6 9 10 | 10.0
Spellcasting   | 7 |  7.3
Shields        | 9 |  9.0
Earth Magic    | 5 9 10 | 10.0
Fighting       | 3 7 8 |  8.0
Armour         | 3 7 8 |  8.0
Dodging        | 3 6 7 |  7.0
Stealth        | |  2.4
Summonings     | |  1.0
Translocations | |  0.8

Action                   |  1- 3 |  4- 6 |  7- 9 | 10-12 | 13-15 || total
-------------------------+-------+-------+-------+-------+-------++-------
Melee: Unarmed           |     1 |       |       |       |       ||     1
       Whip              |    11 |       |       |       |       ||    11
       Short sword       |    18 |     8 |       |       |       ||    26
       Spear             |       |    31 |    83 |     9 |       ||   123
       Halberd           |       |       |       |   117 |   283 ||   400
       Hand axe          |       |       |       |     8 |       ||     8
 Fire: Hunting sling     |       |       |   135 |   813 |   142 ||  1090
Throw: Stone             |     1 |       |       |       |       ||     1
 Cast: Magic Dart        |    77 |    66 |    43 |    19 |       ||   205
       Mephitic Cloud    |       |     4 |    18 |    66 |    32 ||   120
       Conjure Flame     |       |     1 |    22 |    66 |    27 ||   116
       Regeneration      |       |       |       |    28 |    23 ||    51
       Borgnjor's Vile C |       |       |       |    27 |    40 ||    67
       Dispel Undead     |       |       |       |     7 |     2 ||     9
       Sublimation of Bl |       |       |       |     9 |    10 ||    19
Invok: Receive Necronomi |       |       |       |       |     1 ||     1
       Renounce Religion |       |       |       |       |     1 ||     1
       Potion Petition   |       |       |       |       |     1 ||     1
 Abil: Dig               |     1 |     2 |     8 |    27 |    12 ||    50
Evoke: Wand              |       |       |     2 |       |       ||     2
  Use: Scroll            |       |     7 |       |     6 |     3 ||    16
       Potion            |       |       |       |     7 |     3 ||    10
 Stab: Sleeping          |     1 |       |       |       |       ||     1
       Confused          |       |       |     2 |     4 |     6 ||    12
  Eat: Chunk             |     3 |     5 |    14 |    32 |    21 ||    75
       Ration            |       |       |       |       |     3 ||     3
Armor: Robe              |     5 |    11 |     7 |       |       ||    23
       Leather armour    |       |       |     6 |    66 |    21 ||    93
       Skin              |       |       |       |    30 |       ||    30
       Troll leather arm |       |       |       |       |    17 ||    17
Dodge: Dodged            |    20 |    32 |    39 |   148 |   131 ||   370
Block: Shield            |       |       |       |   111 |   129 ||   240
